HBL
ASHEVILLE MOONSHINERS @ DANVILLE DAIRY DADDIES
07/06/1997
 
TOP OF THE 1ST
Asheville Moonshiners batting - Pitching for Danville Dairy Daddies : RHP Roger Salkeld
Pitching: RHP Roger Salkeld
Batting: RHB Jermaine Allensworth 0-0: Called Strike
0-1: Ball
1-1: Ball
2-1: Ball
3-1: Called Strike
3-2: Ground out 5-3 (Groundball, 56, EV 106.9 MPH)
Batting: SHB Wilton Guerrero 0-0: Ball
1-0: Ground out 3-1 (Groundball, 34, EV 76.9 MPH)
Batting: LHB Randall Simon 0-0: Ball
1-0: Ball
2-0: Ground out 3-1 (Groundball, 34, EV 85.6 MPH)
Top of the 1st over - 0 runs, 0 hits, 0 errors, 0 left on base; Asheville 0 - Danville 0
BOTTOM OF THE 1ST
Danville Dairy Daddies batting - Pitching for Asheville Moonshiners : RHP Masaki Saito
Pitching: RHP Masaki Saito
Batting: SHB Joey Cora 0-0: Fly out, F4 (Line Drive, 4, EV 70.6 MPH)
Batting: RHB Shawn Gilbert 0-0: Ball
1-0: Ground out 4-3 (Groundball, 4, EV 109.4 MPH)
Batting: RHB Danny Tartabull 0-0: DOUBLE (Groundball, 5L, EV 105.6 MPH)
Batting: RHB Mike Blowers 0-0: SINGLE (Line Drive, 9S, EV 91.9 MPH)
Danny Tartabull to third
Runner from 3rd tries for Home, SAFE, throw by RF to home
Batting: LHB Midre Cummings 0-0: Swinging Strike
0-1: Fly out, F8 (Flyball, 8LM, EV 84.4 MPH)
Bottom of the 1st over - 1 run, 2 hits, 0 errors, 1 left on base; Asheville 0 - Danville 1
TOP OF THE 2ND
Asheville Moonshiners batting - Pitching for Danville Dairy Daddies : RHP Roger Salkeld
Batting: RHB Chris Stynes 0-0: Ball
1-0: Ball
2-0: Ball
3-0: Base on Balls
Batting: RHB Aaron Boone 0-0: Called Strike
Chris Stynes steals 2nd base
0-1: SINGLE (Groundball, 6D, EV 98.1 MPH)
Chris Stynes to third
Runner from 3rd tries for Home, SAFE, throw by LF to home
Batting: RHB Yamil Benitez 0-0: Called Strike
0-1: Called Strike
0-2: Fly out, F8 (Flyball, 8LS, EV 80.6 MPH)
Batting: RHB Kevin L Brown 0-0: Ball
1-0: Foul Ball, location: 2F
1-1: Swinging Strike
1-2: Strikes out swinging
Batting: RHB Deivi Cruz 0-0: Ball
1-0: Swinging Strike
1-1: Ball
2-1: Foul Ball, location: 2F
2-2: Ball
Aaron Boone steals 2nd base
3-2: Foul Ball, location: 2F
3-2: Base on Balls
Batting: RHB Rikkert Faneyte 0-0: Ball
1-0: Swinging Strike
1-1: Swinging Strike
1-2: Strikes out looking
Top of the 2nd over - 1 run, 1 hit, 0 errors, 2 left on base; Asheville 1 - Danville 1
BOTTOM OF THE 2ND
Danville Dairy Daddies batting - Pitching for Asheville Moonshiners : RHP Masaki Saito
Batting: LHB Brant Brown 0-0: Ball
1-0: Foul Ball, location: 2F
1-1: Ball
2-1: Ground out 1-3 (Groundball, 15, EV 68.8 MPH)
Batting: RHB Mike Stanley 0-0: Ground out 6-3 (Groundball, 6, EV 87.5 MPH)
Batting: RHB Kevin Polcovich 0-0: Ground out 5-3 (Groundball, 5L, EV 86.9 MPH)
Bottom of the 2nd over - 0 runs, 0 hits, 0 errors, 0 left on base; Asheville 1 - Danville 1
TOP OF THE 3RD
Asheville Moonshiners batting - Pitching for Danville Dairy Daddies : RHP Roger Salkeld
Batting: RHB Jermaine Allensworth 0-0: Swinging Strike
0-1: Ground out 1-3 (Groundball, 13, EV 83.1 MPH)
Batting: SHB Wilton Guerrero 0-0: Ball
1-0: Foul Ball, location: 2F
1-1: Foul Ball, location: 2F
1-2: Foul Ball, location: 2F
1-2: Ball
2-2: SINGLE (Groundball, 6M, EV 108.1 MPH) (infield hit)
Batting: LHB Randall Simon 0-0: Swinging Strike
0-1: Called Strike
0-2: Strikes out swinging
Batting: RHB Chris Stynes 0-0: Ball
1-0: SINGLE (Flyball, 34D, EV 85.0 MPH)
Wilton Guerrero to second
Runner from 2nd tries for 3rd, SAFE, throw by RF made to third
Batting: RHB Aaron Boone 0-0: Foul Ball, location: 2F
0-1: Ball
1-1: Ball
2-1: SINGLE (Groundball, 6MD, EV 104.4 MPH)
Wilton Guerrero scores
Chris Stynes to second
Runner from 2nd tries for 3rd, SAFE, throw by CF made to third
Batting: RHB Yamil Benitez 0-0: Ball
1-0: 3-RUN HOME RUN (Flyball, 7D, EV 92.5 MPH), Distance : 385 ft
Batting: RHB Kevin L Brown 0-0: Called Strike
0-1: SINGLE (Line Drive, 89M, EV 106.3 MPH)
Pitching: RHP John Hope
Batting: RHB Deivi Cruz 0-0: Ball
Wild Pitch!
Kevin L Brown to second
1-0: Ball
2-0: Foul Ball, location: 2F
2-1: Fly out, F9 (Flyball, 89D, EV 98.8 MPH)
Top of the 3rd over - 4 runs, 5 hits, 0 errors, 1 left on base; Asheville 5 - Danville 1
BOTTOM OF THE 3RD
Danville Dairy Daddies batting - Pitching for Asheville Moonshiners : RHP Masaki Saito
Batting: RHB Takahiro Ikeyama 0-0: Ball
1-0: SINGLE (Flyball, 78M, EV 94.4 MPH)
Batting: SHB Joey Cora 0-0: Called Strike
0-1: Swinging Strike
0-2: Ball
1-2: Ball
2-2: Foul Ball, location: 2F
2-2: SINGLE (Groundball, 6MS, EV 68.8 MPH) (infield hit)
Takahiro Ikeyama to second
Batting: RHB Shawn Gilbert 0-0: Swinging Strike
0-1: Ball
1-1: SINGLE (Groundball, 56D, EV 108.8 MPH)
Takahiro Ikeyama to third
Joey Cora to second
Batting: RHB Danny Tartabull 0-0: DOUBLE (Groundball, 5L, EV 110.0 MPH)
Takahiro Ikeyama scores
Joey Cora scores
Shawn Gilbert to third
Batting: RHB Mike Blowers 0-0: Called Strike
0-1: Foul Ball, location: 2F
0-2: Ground out 5-3 (Groundball, 56, EV 80.6 MPH)
Shawn Gilbert scores
Batting: LHB Midre Cummings 0-0: Ball
Danny Tartabull steals 3rd base
1-0: Ball
2-0: Ball
3-0: Base on Balls
Batting: LHB Brant Brown 0-0: Ball
1-0: Ball
2-0: Ball
3-0: Called Strike
3-1: Foul Ball, location: 2F
3-2: Strikes out swinging
Midre Cummings steals 2nd base
Batter strikes out.
Batting: RHB Mike Stanley 0-0: Ball
1-0: Ball
2-0: Foul Ball, location: 2F
2-1: Foul Ball, location: 2F
2-2: Strikes out swinging
Bottom of the 3rd over - 3 runs, 4 hits, 0 errors, 2 left on base; Asheville 5 - Danville 4
TOP OF THE 4TH
Asheville Moonshiners batting - Pitching for Danville Dairy Daddies : RHP John Hope
Batting: RHB Rikkert Faneyte 0-0: Fly out, F8 (Line Drive, 8LD, EV 104.4 MPH)
Batting: RHB Jermaine Allensworth 0-0: Called Strike
0-1: Ball
1-1: SINGLE (Groundball, 6MD, EV 97.5 MPH)
Batting: SHB Wilton Guerrero 0-0: Ball
1-0: Ball
2-0: SINGLE (Groundball, 6D, EV 105.0 MPH)
Jermaine Allensworth to second
Batting: LHB Randall Simon 0-0: Ball
1-0: Called Strike
1-1: Swinging Strike
1-2: Foul Ball, location: 2F
1-2: Foul Ball, location: 2F
1-2: SINGLE (Groundball, 56D, EV 106.9 MPH)
Jermaine Allensworth to third
Wilton Guerrero to second
Batting: RHB Chris Stynes 0-0: Ball
1-0: Ball
2-0: Called Strike
2-1: Called Strike
2-2: Ball
3-2: Foul Ball, location: 2F
3-2: Foul Ball, location: 2F
3-2: Foul Ball, location: 2F
3-2: SINGLE (Groundball, 34D, EV 96.9 MPH)
Jermaine Allensworth scores
Wilton Guerrero to third
Randall Simon to second
Runner from 3rd tries for Home, SAFE, throw by RF to home
Batting: RHB Aaron Boone 0-0: Ball
1-0: Foul Ball, location: 2F
1-1: Ball
Wild Pitch!
Randall Simon to third
Chris Stynes to second
2-1: Ball
3-1: Base on Balls
Batting: RHB Yamil Benitez 0-0: Ball
Wild Pitch!
Randall Simon scores
Chris Stynes to third
Aaron Boone to second
1-0: Ball
2-0: Called Strike
2-1: Called Strike
2-2: Strikes out looking
Batting: RHB Kevin L Brown 0-0: Ball
1-0: Ball
2-0: Ball
3-0: Base on Balls
Batting: RHB Deivi Cruz 0-0: Fly out, F8 (Line Drive, 8LM, EV 92.5 MPH)
Top of the 4th over - 3 runs, 4 hits, 0 errors, 3 left on base; Asheville 8 - Danville 4
BOTTOM OF THE 4TH
Danville Dairy Daddies batting - Pitching for Asheville Moonshiners : RHP Masaki Saito
Batting: RHB Kevin Polcovich 0-0: Ball
1-0: Ball
2-0: Called Strike
2-1: Ball
3-1: DOUBLE (Flyball, 9LD, EV 95.0 MPH)
Batting: RHB Takahiro Ikeyama 0-0: Ball
1-0: Ball
2-0: Swinging Strike
2-1: Ball
3-1: Called Strike
3-2: SINGLE (Groundball, 25, EV 71.3 MPH) (infield hit)
Kevin Polcovich to third
Batting: SHB Joey Cora 0-0: Ball
1-0: Called Strike
1-1: Ball
2-1: Fielders Choice at 2nd, 6-4 (Groundball, 6, EV 104.4 MPH)
Kevin Polcovich scores
Pitching: RHP Tim Wakefield
Batting: RHB Shawn Gilbert 0-0: Ball
Wild Pitch!
Joey Cora to second
1-0: Swinging Strike
1-1: Ball
2-1: SINGLE (Flyball, 34D, EV 90.6 MPH)
Joey Cora to third
Runner from 3rd tries for Home, SAFE, no throw by RF
Batting: RHB Danny Tartabull 0-0: Foul Ball, location: 2F
0-1: Foul Ball, location: 2F
0-2: Foul Ball, location: 2F
0-2: Ball
1-2: Foul Ball, location: 2F
1-2: Strikes out looking
Batting: RHB Mike Blowers 0-0: Fly out, F9 (Flyball, 89S, EV 71.9 MPH)
Bottom of the 4th over - 2 runs, 3 hits, 0 errors, 1 left on base; Asheville 8 - Danville 6
TOP OF THE 5TH
Asheville Moonshiners batting - Pitching for Danville Dairy Daddies : RHP John Hope
Batting: RHB Rikkert Faneyte 0-0: Called Strike
0-1: Swinging Strike
0-2: Ball
1-2: SINGLE (Groundball, 56D, EV 106.9 MPH)
Batting: RHB Jermaine Allensworth 0-0: Ball
1-0: Bunted foul
1-1: Ball
2-1: Bunted foul
2-2: Foul Ball, location: 2F
2-2: Ball
3-2: Foul Ball, location: 2F
3-2: Foul Ball, location: 2F
3-2: SINGLE (Line Drive, 8LS, EV 99.4 MPH)
Rikkert Faneyte to second
Pitching: RHP Eric Plunk
Batting: SHB Wilton Guerrero 0-0: Ball
1-0: Ball
2-0: Sac Bunt to 15 - play at first, batter OUT! 1-4
Rikkert Faneyte to third
Jermaine Allensworth to second
Batting: LHB Randall Simon 0-0: DOUBLE (Line Drive, 7LM, EV 99.4 MPH)
Rikkert Faneyte scores
Jermaine Allensworth scores
Batting: RHB Chris Stynes 0-0: Ball
1-0: Swinging Strike
1-1: Ball
2-1: Foul Ball, location: 2F
2-2: SINGLE (Groundball, 4MD, EV 96.9 MPH)
Randall Simon to third
Batting: RHB Aaron Boone 0-0: Foul Ball, location: 2F
0-1: Ball
1-1: Ball
2-1: Foul Ball, location: 2F
2-2: Ball
3-2: Strikes out looking
Batting: RHB Yamil Benitez 0-0: Called Strike
0-1: Foul Ball, location: 2F
0-2: Strikes out swinging
Top of the 5th over - 2 runs, 4 hits, 0 errors, 2 left on base; Asheville 10 - Danville 6
BOTTOM OF THE 5TH
Danville Dairy Daddies batting - Pitching for Asheville Moonshiners : RHP Tim Wakefield
Batting: LHB Midre Cummings 0-0: Ball
1-0: Reached on error, E3 (Groundball, 3S, EV 71.9 MPH)
Batting: LHB Brant Brown 0-0: Called Strike
0-1: Fielders Choice at 2nd, 4-6 (Groundball, 4M, EV 99.4 MPH)
Batting: RHB Mike Stanley 0-0: Ball
1-0: Called Strike
1-1: Called Strike
1-2: Ball
2-2: Strikes out looking
Batting: RHB Kevin Polcovich 0-0: Fly out, F7 (Flyball, 78M, EV 96.3 MPH)
Bottom of the 5th over - 0 runs, 0 hits, 1 error, 1 left on base; Asheville 10 - Danville 6
TOP OF THE 6TH
Asheville Moonshiners batting - Pitching for Danville Dairy Daddies : RHP Eric Plunk
Batting: RHB Kevin L Brown 0-0: Called Strike
0-1: Swinging Strike
0-2: Strikes out looking
Batting: RHB Deivi Cruz 0-0: Called Strike
0-1: Ball
1-1: Ball
2-1: Foul Ball, location: 2F
2-2: Ground out 6-3 (Groundball, 6M, EV 104.4 MPH)
Batting: RHB Rikkert Faneyte 0-0: Ball
1-0: Ground out 4-3 (Groundball, 4S, EV 80.6 MPH)
Top of the 6th over - 0 runs, 0 hits, 0 errors, 0 left on base; Asheville 10 - Danville 6
BOTTOM OF THE 6TH
Danville Dairy Daddies batting - Pitching for Asheville Moonshiners : RHP Tim Wakefield
Batting: RHB Takahiro Ikeyama 0-0: Ball
1-0: SINGLE (Groundball, 6MD, EV 98.8 MPH)
Batting: SHB Joey Cora 0-0: Called Strike
0-1: Ball
1-1: Ball
2-1: Fly out, F4 (Popup, 4, EV 65.6 MPH)
Batting: RHB Shawn Gilbert 0-0: Called Strike
0-1: Ball
1-1: Fielders Choice at 2nd, 6-4 (Groundball, 6, EV 76.9 MPH)
Batting: RHB Danny Tartabull 0-0: Swinging Strike
0-1: Ball
1-1: Ball
2-1: Swinging Strike
2-2: Ball
3-2: Ground out 5-3 (Groundball, 56, EV 79.4 MPH)
Bottom of the 6th over - 0 runs, 1 hit, 0 errors, 1 left on base; Asheville 10 - Danville 6
TOP OF THE 7TH
Asheville Moonshiners batting - Pitching for Danville Dairy Daddies : RHP Eric Plunk
Batting: RHB Jermaine Allensworth 0-0: Foul Ball, location: 2F
0-1: Ball
1-1: Ball
2-1: Ball
3-1: Swinging Strike
3-2: Ground out 1-3 (Groundball, 13, EV 78.1 MPH)
Batting: SHB Wilton Guerrero 0-0: Called Strike
0-1: Ball
1-1: Ball
2-1: SINGLE (Groundball, 6, EV 90.6 MPH) (infield hit)
Pitching: RHP John Costello
Batting: LHB Randall Simon 0-0: Called Strike
0-1: Ball
1-1: Swinging Strike
1-2: Ball
2-2: SINGLE (Line Drive, 8LS, EV 94.4 MPH)
Wilton Guerrero to second
Batting: RHB Chris Stynes 0-0: Called Strike
0-1: Fly out, F8 (Line Drive, 8RM, EV 95.6 MPH)
Batting: RHB Aaron Boone 0-0: Fielders Choice at 2nd, 5-4 (Groundball, 56, EV 84.4 MPH)
Top of the 7th over - 0 runs, 2 hits, 0 errors, 2 left on base; Asheville 10 - Danville 6
BOTTOM OF THE 7TH
Danville Dairy Daddies batting - Pitching for Asheville Moonshiners : RHP Tim Wakefield
Batting: RHB Mike Blowers 0-0: Foul Ball, location: 2F
0-1: Swinging Strike
0-2: Ball
1-2: Foul Ball, location: 2F
1-2: Ball
2-2: Fly out, F3 (Popup, 23F, EV 80.0 MPH)
Batting: LHB Midre Cummings 0-0: Called Strike
0-1: Ball
1-1: Foul Ball, location: 2F
1-2: DOUBLE (Flyball, 8RXD, EV 95.0 MPH)
Batting: LHB Brant Brown 0-0: Foul Ball, location: 2F
0-1: Ball
1-1: Ball
2-1: Foul Ball, location: 2F
2-2: Foul Ball, location: 2F
2-2: Ball
3-2: Hit by Pitch
Batting: RHB Mike Stanley 0-0: Ball
1-0: Called Strike
1-1: Ball
2-1: Foul Ball, location: 2F
2-2: Ball
3-2: Foul Ball, location: 2F
3-2: Base on Balls
Midre Cummings to third
Brant Brown to second
Batting: RHB Kevin Polcovich 0-0: Called Strike
0-1: Called Strike
0-2: Strikes out swinging
Batting: RHB Takahiro Ikeyama 0-0: Ball
1-0: Called Strike
1-1: Swinging Strike
1-2: Strikes out looking
Bottom of the 7th over - 0 runs, 1 hit, 0 errors, 3 left on base; Asheville 10 - Danville 6
TOP OF THE 8TH
Asheville Moonshiners batting - Pitching for Danville Dairy Daddies : RHP John Costello
Batting: RHB Yamil Benitez 0-0: Called Strike
0-1: Swinging Strike
0-2: Strikes out swinging
Batting: RHB Kevin L Brown 0-0: Swinging Strike
0-1: Foul Ball, location: 2F
0-2: Ball
1-2: Ball
2-2: Strikes out swinging
Batting: RHB Deivi Cruz 0-0: Ball
1-0: Foul Ball, location: 2F
1-1: Swinging Strike
1-2: Ball
2-2: Foul Ball, location: 2F
2-2: Ball
3-2: SOLO HOME RUN (Flyball, 89XD, EV 98.8 MPH), Distance : 391 ft
Batting: RHB Rikkert Faneyte 0-0: Called Strike
0-1: Called Strike
0-2: Fly out, F9 (Flyball, 89D, EV 76.3 MPH)
Top of the 8th over - 1 run, 1 hit, 0 errors, 0 left on base; Asheville 11 - Danville 6
BOTTOM OF THE 8TH
Danville Dairy Daddies batting - Pitching for Asheville Moonshiners : RHP Tim Wakefield
Batting: SHB Joey Cora 0-0: Ball
1-0: SINGLE (Line Drive, 3D, EV 96.9 MPH)
Pitching: RHP Julio Santana
Batting: RHB Shawn Gilbert 0-0: Called Strike
0-1: Swinging Strike
0-2: Ball
1-2: Foul Ball, location: 2F
1-2: Ball
2-2: Fly out, F9 (Flyball, 9, EV 86.9 MPH)
Batting: RHB Danny Tartabull 0-0: Grounds into double play, 5-4-3 (Groundball, 5, EV 80.6 MPH)
Bottom of the 8th over - 0 runs, 1 hit, 0 errors, 0 left on base; Asheville 11 - Danville 6
TOP OF THE 9TH
Asheville Moonshiners batting - Pitching for Danville Dairy Daddies : RHP John Costello
Batting: RHB Jermaine Allensworth 0-0: Fly out, F9 (Line Drive, 9D, EV 93.8 MPH)
Batting: SHB Wilton Guerrero 0-0: Ball
1-0: Foul Ball, location: 2F
1-1: Foul Ball, location: 2F
1-2: Foul Ball, location: 2F
1-2: Ball
2-2: Ball
3-2: Foul Ball, location: 2F
3-2: Fly out, F8 (Flyball, 8LD, EV 105.0 MPH)
Batting: LHB Randall Simon 0-0: Called Strike
0-1: Fly out, F9 (Line Drive, 9, EV 103.8 MPH)
Top of the 9th over - 0 runs, 0 hits, 0 errors, 0 left on base; Asheville 11 - Danville 6
BOTTOM OF THE 9TH
Danville Dairy Daddies batting - Pitching for Asheville Moonshiners : RHP Julio Santana
Batting: RHB Mike Blowers 0-0: Ball
1-0: Ball
2-0: Ball
3-0: Base on Balls
Batting: LHB Midre Cummings 0-0: Ball
1-0: Ball
2-0: Fly out, F7 (Flyball, 7LD, EV 98.8 MPH)
Batting: LHB Brant Brown 0-0: Ball
1-0: Called Strike
1-1: Called Strike
1-2: Strikes out swinging
Batting: RHB Mike Stanley 0-0: Ball
1-0: Ball
2-0: Ball
3-0: Base on Balls
Mike Blowers to second
Batting: RHB Kevin Polcovich 0-0: Swinging Strike
0-1: Swinging Strike
0-2: Foul Ball, location: 2F
0-2: Ball
1-2: Ball
2-2: Foul Ball, location: 2F
2-2: Ground out 6-3 (Groundball, 6, EV 87.5 MPH)
Bottom of the 9th over - 0 runs, 0 hits, 0 errors, 2 left on base; Asheville 11 - Danville 6
Thursday, March 5th, 2026 - OOTP Baseball 20.8 Build 74